 Dungeon Crawl Stone Soup version 0.30-a0-778-g2ef04afb54 (webtiles) character file.

Game seed: 2737377522969641554

135 Shayle the Conjurer (level 4, -7/49 HPs)
             Began as a Demonspawn Conjurer on Feb 15, 2023.
             Mangled by a black bear (9 damage)
             ... on level 3 of the Dungeon on Feb 16, 2023.
             The game lasted 00:09:04 (2009 turns).

Shayle the Conjurer (Demonspawn Conjurer)           Turns: 2009, Time: 00:09:04

Health: -7/49      AC: 22    Str:  8    XL:     4   Next: 96%
Magic:  10/17      EV:  2    Int: 21    God:
Gold:   77         SH:  0    Dex: 11    Spells: 5/8 levels left

rFire   . . .      SeeInvis .    d - +0 trident
rCold   . . .      Faith    .    (no shield)
rNeg    . . .      Spirit   .    (body armour currently unavailable)
rPois   +          Reflect  .    (helmet currently unavailable)
rElec   .          Harm     .    (cloak currently unavailable)
rCorr   .          Rampage  .    (gloves currently unavailable)
Will    .....      NoTele   +    (boots currently unavailable)
Stlth   ++                       (no amulet)
HPRegen 0.28/turn                f - ring of magical power
MPRegen 0.30/turn                (no ring)

@: tree-form
A: stationary, stasis, torment immunity, boosted hp, (spiny 1), magic
regeneration
a: no special abilities


You were on level 3 of the Dungeon.
You were a tree.
You visited 1 branch of the dungeon, and saw 3 of its levels.

You collected 77 gold pieces.

Inventory:

Hand Weapons
 d - a +0 trident (weapon)
Armour
 a - a +0 robe (melded)
 e - a +1 hat (melded)
Jewellery
 f - a ring of magical power (left branch)
 h - an amulet of the acrobat
Scrolls
 k - 3 scrolls of fear
 n - a scroll of identify
Potions
 b - 2 potions of magic
 c - a potion of lignification
 g - 3 potions of curing
 i - 2 potions of attraction
 j - a potion of haste {unknown}
 l - 2 potions of degeneration {unknown}
 m - a potion of mutation {unknown}


   Skills:
 + Level 1.8 Fighting
 + Level 2.5 Dodging
 + Level 2.7 Stealth
 + Level 2.7 Spellcasting
 + Level 4.5 Conjurations


You had 5 spell levels left.
You knew the following spells:

 Your Spells              Type           Power      Damage    Failure   Level
a - Magic Dart            Conj           84%        1d7       2%          1
b - Searing Ray           Conj           42%        2d6       3%          2

Your spell library contained the following spells:

 Spells                   Type           Power      Damage    Failure   Level
 Dazzling Flash           Conj/Hex       24%        N/A       16%         3
 Fulminant Prism          Conj/Hex       6%         3d7       47%         4
 Iskenderun's Mystic Bla  Conj/Tloc      12%        2d5       47%         4


Dungeon Overview and Level Annotations

Branches:
Dungeon (3/15)

Altars:

Shops:
D:1 !


Innate Abilities, Weirdness & Mutations

You are a tree.
Your roots penetrate the ground, keeping you stationary.
You cannot be teleported.
You are immune to unholy pain and torment.
Your maximum health is greatly increased.
Your equipment is partially melded.
((You are partially covered in sharp spines.))
You regenerate magic rapidly.


Message History

The black bear is moderately wounded. (Press . to maintain the ray.)
The searing ray hits the black bear.
The black bear is heavily wounded.
The black bear barely misses you. The black bear claws you. x2
The searing ray hits the black bear.
The black bear is severely wounded.
The black bear closely misses you. The black bear claws you.
The black bear completely misses you.
The searing ray hits the black bear.
The black bear is almost dead.
You finish channelling your searing ray.
The black bear goes berserk!
The black bear is struck by your spines.
The black bear bites you but does no damage.
The black bear claws you but does no damage.
The black bear closely misses you.
Casting: Searing Ray (safe; 3% risk of failure)
Confirm with . or Enter, or press ? or * to list all spells.
Aiming: Searing Ray (safe; 3% risk of failure)
Press: ? - help, Shift-Dir - straight line, f/p - black bear
Aim: a black bear (almost dead, berserk, 84% to hit)
The searing ray hits the black bear but does no damage.
The black bear is almost dead. (Press . to maintain the ray.)
The black bear bites you! The black bear claws you. x2
The black bear bites you!
* * * LOW HITPOINT WARNING * * *
The black bear claws you but does no damage.
The black bear closely misses you.
Okay, then.
Okay, then.
Okay, then.
You aren't carrying any items that you can evoke.
Unknown command.
Really quaff the potion of lignification?
You turn into a tree.
Your +1 hat melds into your body.
Your +0 robe melds into your body.
Your roots penetrate the ground.
The black bear bites you!
You die...

#...##...##...###.....
##.##r....##.##.......
#.#...?...#.##.......
#.#..h}.h.#.##.......
#.#...)...#.##.......
##.##.....##†##.......
##...##...##...######..
#.....##'##.....# ###
#..#..♣hr....#..#
#.....#####.....#
##...## ##...## #####
#####


You could see a black bear (berserk) and a quokka.

Vanquished Creatures
  Robin (D:2)
  5 adders
  2 worms (D:3)
  2 orcs (D:3)
  6 ball pythons
  6 bats
  6 endoplasms
  3 giant cockroaches
  13 goblins
  4 hobgoblins
  A jackal (D:3)
  3 quokkas
  A frilled lizard (D:2)
  5 kobolds
  6 rats (D:1)
64 creatures vanquished.

Notes
Turn   | Place    | Note
-------+----------+-------------------------------------------
     0 | D:1      | Shayle the Demonspawn Conjurer began the quest for the Orb.
     0 | D:1      | Reached XP level 1. HP: 13/13 MP: 3/3
   123 | D:1      | Gained mutation: You are partially covered in sharp spines.
                  | [demonic ancestry]
   123 | D:1      | Reached XP level 2. HP: 12/20 MP: 0/5
   126 | D:1      | Learned a level 2 spell: Searing Ray
   412 | D:1      | Found Bugek's Distillery.
   545 | D:1      | Found a faded altar of an unknown god.
   989 | D:2      | Reached skill level 1 in Fighting
  1060 | D:2      | Noticed Robin
  1074 | D:3      | Reached XP level 3. HP: 21/26 MP: 3/6
  1556 | D:2      | Gained mutation: You regenerate magic rapidly. [demonic
                  | ancestry]
  1556 | D:2      | Reached XP level 4. HP: 32/32 MP: 7/7
  1709 | D:2      | Killed Robin
  1996 | D:3      | Noticed a black bear
  2008 | D:3      | HP: 1/33 [black bear (11)]
  2009 | D:3      | Mangled by a black bear

Illustrated notes

Levels and vault maps discovered:
D:1:      minmay_arrival_semitransparent, layout_loops_ring,
          shapermc_ecumenical_altar_pompeii, serial_shops,
          nicolae_shop_hallway_plus, minmay_nonomino_d4
D:2:      layout_rooms, chequers_jeans, kennysheep_pointless_box, moated_statue,
          uniq_robin
D:3:      minmay_octagon_keep, layout_basic, tgw_fedhas,
          mainiacjoe_overflow_divided_tiny, serial_bayou_pond_d, uniq_sigmund

Skill      XL: |  1  2 |
---------------+-------+-----
Stealth        | 2 |  2.7
Dodging        | 2 |  2.5
Fighting       | 1 |  1.8
Spellcasting   | |  2.7
Conjurations   | |  4.5

Action                     |  1- 3 |  4- 6 || total
---------------------------+-------+-------++-------
  Melee: Trident           |    28 |     2 ||    30
   Cast: Magic Dart        |    49 |    32 ||    81
         Searing Ray       |     1 |     7 ||     8
    Use: Scroll            |     6 |       ||     6
         Potion            |       |     1 ||     1
   Stab: Sleeping          |     3 |       ||     3
 Armour: Robe              |    12 |     5 ||    17
  Dodge: Dodged            |    28 |     9 ||    37

Table legend: (Time is in decaauts)
 A = Elapsed time spent in this place.
 B = Non-inter-level travel time spent in this place.
 C = Inter-level travel time spent in this place.
 D = Time resting spent in this place.
 E = Time spent auto-exploring this place.
 F = Levels seen in this place.
 G = Mean time per level.
                   A        B        C        D        E       F      G
               +--------+--------+--------+--------+--------+-----+--------+
         Total |   2017 |   1976 |     41 |    305 |   1154 |   3 |  672.3 |
       Dungeon |   2017 |   1976 |     41 |    305 |   1154 |   3 |  672.3 |
               +--------+--------+--------+--------+--------+-----+--------+

Top non-repeatable levels by time:
     D:1: 979 daAuts
     D:2: 778 daAuts
     D:3: 259 daAuts
